 Dungeon Crawl Stone Soup version 0.23.2-1-ga50397a (webtiles) character file.

Game seed: 450123590425909953

26 Wander the Poker (level 3, -16/29 HPs)
             Began as a Human Wanderer on Apr 30, 2019.
             Was an Initiate of Ashenzari.
             Killed from afar by an efreet (22 damage)
             ... with a fireball
             ... on level 1 of the Abyss.
             The game lasted 00:03:51 (1060 turns).

Wander the Poker (Human Wanderer)                   Turns: 1060, Time: 00:03:52

Health: -16/29     AC:  2    Str: 12    XL:     3   Next: 22%
Magic:  3/3        EV: 12    Int: 10    God:    Ashenzari [......]
Gold:   160        SH:  0    Dex: 15    Spells: 2/2 levels left

rFire    . . .     SeeInvis .   a - +2 spear
rCold    . . .     Gourm    .   (no shield)
rNeg     . . .     Faith    .   d - +0 robe
rPois    .         Spirit   .   (no helmet)
rElec    .         Reflect  .   (no cloak)
rCorr    .         Harm     .   (no gloves)
MR       .....                  (no boots)
Stlth    +++.......             (no amulet)
HPRegen  0.09/turn              i - ring of stealth
MPRegen  0.08/turn              (no ring)

@: no status effects
A: no striking features
a: Curse Item, Renounce Religion


You were on level 1 of the Abyss.
You worshipped Ashenzari.
Ashenzari was noncommittal.
You were not hungry.

You visited 1 branch of the dungeon, and saw 2 of its levels.
You visited the Abyss 1 time.

You collected 160 gold pieces.

Inventory:

Hand Weapons
 a - a +2 spear (weapon)
 b - a +0 falchion
 e - a +0 dagger
Armour
 d - a +0 robe (worn)
Jewellery
 i - a ring of stealth (left hand)
Scrolls
 g - 2 scrolls of identify {unknown}
 k - a scroll of fear {unknown}
 m - a scroll of blinking {unknown}
 o - a scroll of enchant weapon {unknown}
 p - a scroll of enchant armour {unknown}
Potions
 c - a potion of lignification
 h - a potion of cancellation {unknown}
 j - a potion of invisibility {unknown}
 l - a potion of flight {unknown}
 n - a potion of ambrosia {unknown}
 q - a potion of resistance {unknown}
Comestibles
 f - 4 rations


   Skills:
 - Level 3.0 Fighting
 + Level 4.1 Polearms
 - Level 1.0 Throwing
 - Level 1.0 Dodging
 - Level 2.0 Stealth


You had 2 spell levels left.
You didn't know any spells.
Your spell library was empty.

Dungeon Overview and Level Annotations

Branches:
Dungeon (2/15)

Altars:
Ashenzari
Hepliaklqana
Xom


Message History

The thrashing horror moves out of view.
A spatial maelstrom comes into view.
A spatial vortex comes into view.
The spatial vortex moves out of view.
A spatial vortex comes into view.
A spatial vortex comes into view.
An anaconda zombie comes into view.
A large abomination comes into view.
Found 20 arrows.
Found 44 gold pieces.
You now have 160 gold pieces (gained 44).
An efreet comes into view.
It is wielding a +2 scimitar of flaming.
The efreet gestures at you.
The fireball explodes!
The fireball engulfs you!!
Ouch! That really hurt!
* * * LOW HITPOINT WARNING * * *
The efreet gestures at you.
The fireball explodes!
The fireball engulfs you!!
Ouch! That really hurt!
You die...

## ###..####. #
X ...# ##.. .#
.#......#.....#
..##..###..##.#
. ... .. #..##
#. ..#.#.##.##
#.#....#.#.##
..#.##.#...#R#
####.
.#..@.ยง.#
#.#....##.##
.#####.# ## ..
##. ##


You could see an efreet.

Vanquished Creatures
  2 orcs (D:2)
  A ball python (D:1)
  2 giant cockroaches (D:2)
  3 goblins
  3 hobgoblins
  A quokka (D:2)
  A bat (D:1)
  3 frilled lizards
  3 kobolds
  4 rats
23 creatures vanquished.

Notes
Turn   | Place    | Note
-------+----------+-------------------------------------------
     0 | D:1      | Wander the Human Wanderer began the quest for the Orb.
     0 | D:1      | Wander set off with the following items: a +2 spear, a +0
                  | falchion, a potion of lignification, a +0 robe, a +0
                  | dagger, a ration
     0 | D:1      | Reached XP level 1. HP: 18/18 MP: 1/1
   159 | D:1      | Reached XP level 2. HP: 20/24 MP: 2/2
   673 | D:2      | Reached skill level 4 in Polearms
   673 | D:2      | Reached XP level 3. HP: 24/29 MP: 3/3
   756 | D:2      | Found a shattered altar of Ashenzari.
   771 | D:2      | Became a worshipper of Ashenzari the Shackled
   842 | D:2      | Found a hazy altar of Hepliaklqana.
   918 | D:2      | Found a shimmering altar of Xom.
   926 | D:2      | Cast into level 1 of the Abyss (orc)
   958 | Abyss:1  | Noticed an ancient zyme
   966 | Abyss:1  | Noticed a small abomination
   994 | Abyss:1  | Noticed a thrashing horror
  1011 | Abyss:1  | Noticed a spatial maelstrom
  1013 | Abyss:1  | Noticed a spatial vortex
  1014 | Abyss:1  | Noticed a spatial vortex
  1014 | Abyss:1  | Noticed a spatial vortex
  1033 | Abyss:1  | Noticed an anaconda zombie
  1041 | Abyss:1  | Noticed a large abomination
  1059 | Abyss:1  | Noticed an efreet
  1060 | Abyss:1  | Killed from afar by an efreet

Skill      XL: |  1  2 |
---------------+-------+-----
Polearms       | 4 |  4.1
Fighting       | |  3.0
Throwing       | |  1.0
Dodging        | |  1.0
Stealth        | |  2.0

Action                   || total
-------------------------++-------
Melee: Spear             ||    69
 Stab: Sleeping          ||     6
Armor: Robe              ||     6
Dodge: Dodged            ||    25
